 Dungeon Crawl Stone Soup version 0.20.1-1-g8b1a95d (webtiles) character file.

219 veyX the Shooter (level 5, -5/44 HPs)
             Began as a Centaur Hunter on Aug 22, 2017.
             Slain by a hornet (12 damage)
             ... on level 3 of the Dungeon.
             The game lasted 00:11:48 (3155 turns).

veyX the Shooter (Centaur Hunter)                   Turns: 3155, Time: 00:11:49

Health: -5/44      AC:  7    Str: 15    XL:     5   Next: 64%
Magic:  5/5        EV:  8    Int: 10    God:
Gold:   125        SH:  0    Dex: 10    Spells: 4/4 levels left

rFire    . . .     SeeInvis .   b - +0 short sword
rCold    + . .     Gourm    .   (no shield)
rNeg     . . .     Faith    .   j - +2 ring mail {rC+}
rPois    .         Spirit   .   (no helmet)
rElec    .         Reflect  .   (no cloak)
rCorr    .         Harm     .   (no gloves)
MR       .....                  (no barding)
Stlth    ..........             (no amulet)
Regen    0.2/turn               (no ring)
MPRegen  0.1/turn               (no ring)

@: lethally poisoned (-5 -> -16), slowed
A: hooves 3, deformed body, speed 2, tough skin 3
a: no special abilities


You were on level 3 of the Dungeon.
You were not hungry.

You visited 1 branch of the dungeon, and saw 3 of its levels.

You collected 125 gold pieces.

Inventory:

Hand Weapons
 a - a +1 shortbow
 b - a +0 short sword (weapon)
Armour
 c - a +0 leather armour
 j - a +2 ring mail of cold resistance (worn)
Scrolls
 h - 2 scrolls of teleportation
 m - a scroll of amnesia
Potions
 e - 2 potions of curing
 f - a potion of haste {unknown}
 g - a potion of flight {unknown}
 k - 2 potions of brilliance {unknown}
Comestibles
 l - a royal jelly


   Skills:
 + Level 2.9 Fighting
 + Level 1.6 Short Blades
 + Level 7.3 Bows
 + Level 1.5 Armour
 + Level 1.6 Dodging
 + Level 0.4 Stealth


You had 4 spell levels left.
You didn't know any spells.

Dungeon Overview and Level Annotations

Branches:
Dungeon (3/15)

Altars:
Dithmenos


Innate Abilities, Weirdness & Mutations

You have hooves in place of feet.
Armour fits poorly on your strangely shaped body.
You cover ground very quickly.
You have extremely tough skin. (AC +3)


Message History

The hornet stings you!
You are poisoned.
You suddenly lose the ability to move!
You can move again.
You hit the hornet but do no damage.
The hornet is lightly wounded.
You feel sick.
The hornet stings you but does no damage. x2
The hornet stings you!
You are more poisoned.
You feel yourself slow down.
You feel sick.
You feel sick. The hornet barely misses you. The hornet stings you!
* * * LOW HITPOINT WARNING * * *
You feel as though you will be slow longer.
* * * LOW HITPOINT WARNING * * *
You feel sick.
* * * LOW HITPOINT WARNING * * *
You feel sick. The hornet stings you!
You die...

..roo(or......# #.# #o#
#o# ######## #.#
########...)..# ....# #.#
#.....##......# ....#
#.###.#....#......# ....#
#..........#.รท....#
....# #.........@y......#
....# #.........##......#
....###.........##......#
.....#...#.##...##......#
.....).....##...##..)...#
<........#.#######...<..#
...........# ########
.........#.##
.....#.###..########


You could see a hornet.

Vanquished Creatures
  An orc priest (D:3)
  Natasha (D:2)
  3 gnolls (D:2)
  6 adders
  2 worms (D:2)
  A dart slug (D:2)
  7 orcs
  12 bats
  9 goblins
  6 hobgoblins
  2 jackals (D:3)
  5 kobolds
  2 quokkas
  3 ball pythons
  4 frilled lizards
  7 rats
71 creatures vanquished.

Notes
Turn   | Place    | Note
-------+----------+-------------------------------------------
     0 | D:1      | veyX the Centaur Hunter began the quest for the Orb.
     0 | D:1      | Reached XP level 1. HP: 17/17 MP: 1/1
   152 | D:1      | Reached XP level 2. HP: 24/24 MP: 2/2
   253 | D:1      | Reached skill level 6 in Bows
   647 | D:2      | Reached XP level 3. HP: 27/29 MP: 3/3
  1163 | D:2      | Reached XP level 4. HP: 22/37 MP: 4/4
  1428 | D:2      | Found a shadowy altar of Dithmenos.
  1452 | D:2      | Reached skill level 7 in Bows
  2335 | D:3      | Reached skill level 1 in Armour
  2335 | D:3      | Reached XP level 5. HP: 44/44 MP: 5/5
  2359 | D:3      | Noticed Natasha
  2360 | D:3      | Noticed a hornet
  2664 | D:2      | Killed Natasha
  2664 | D:2      | Reached skill level 1 in Short Blades
  3149 | D:3      | Paralysed by a hornet for 1 turns
  3155 | D:3      | Slain by a hornet

Skill      XL: |  1  2  3  4  5 |
---------------+----------------+-----
Bows           | 6 7 |  7.3
Armour         | 1 |  1.5
Short Blades   | 1 |  1.6
Fighting       | |  2.9
Dodging        | |  1.6
Stealth        | |  0.4

Action                   |  1- 3 |  4- 6 || total
-------------------------+-------+-------++-------
Melee: Short sword       |    46 |   122 ||   168
       Kick              |     7 |    20 ||    27
 Fire: Shortbow          |    74 |    27 ||   101
  Use: Scroll            |     4 |     2 ||     6
       Potion            |     1 |       ||     1
  Eat: Bread ration      |       |     1 ||     1
       Chunk             |       |     1 ||     1
Armor: Leather armour    |    29 |     1 ||    30
       Ring mail         |       |    67 ||    67
Dodge: Dodged            |    32 |    61 ||    93
